 Dungeon Crawl Stone Soup version 0.30-a0-335-ge5acde7520 (webtiles) character file.

Game seed: 1744029043566860669

114 KKCryptic the Poker (level 4, -1/37 HPs)
             Began as a Minotaur Gladiator on Oct 31, 2022.
             Slain by a goblin
             ... wielding a +0 club
              (4 damage)
             ... on level 3 of the Dungeon.
             The game lasted 00:04:42 (1436 turns).

KKCryptic the Poker (Minotaur Gladiator)            Turns: 1436, Time: 00:04:44

Health: -1/37      AC:  3    Str: 21    XL:     4   Next: 66%
Magic:  3/3        EV: 12    Int:  5    God:
Gold:   79         SH:  0    Dex: 11    Spells: 3/3 levels left

rFire   . . .      SeeInvis +    a - +0 trident
rCold   . . .      Faith    .    (no shield)
rNeg    . . .      Spirit   .    b - +0 leather armour
rPois   .          Reflect  .    c - +0 hat
rElec   .          Harm     .    (no cloak)
rCorr   .          Rampage  .    (no gloves)
Will    .....                    (no boots)
Stlth   +.........               (no amulet)
HPRegen 0.26/turn                r - ring of see invisible
MPRegen 0.08/turn                (no ring)

@: lethally poisoned (-1 -> -6)
A: horns 2, retaliatory headbutt
a: no special abilities


You were on level 3 of the Dungeon.
You visited 1 branch of the dungeon, and saw 3 of its levels.

You collected 79 gold pieces.

Inventory:

Hand Weapons
 a - a +0 trident (weapon)
Missiles
 d - 3 throwing nets (quivered)
 e - a javelin
 m - 6 boomerangs
 u - 23 stones
Armour
 b - a +0 leather armour (worn)
 c - a +0 hat (worn)
Jewellery
 r - a ring of see invisible (left hand)
Scrolls
 f - a scroll of vulnerability {unknown}
 h - 2 scrolls of identify
 o - a scroll of amnesia {unknown}
 p - a scroll of teleportation {unknown}
 s - a scroll of magic mapping {unknown}
Potions
 g - a potion of magic {unknown}
 i - a potion of lignification {unknown}
 j - a potion of invisibility {unknown}
 k - a potion of ambrosia
 l - a potion of curing {unknown}
 n - a potion of heal wounds
 q - a potion of degeneration {unknown}
 t - a potion of flight {unknown}


   Skills:
 - Level 2.4 Fighting
 * Level 5.3 Polearms
 - Level 2.0 Throwing
 + Level 2.3 Armour
 + Level 4.1 Dodging


You had 3 spell levels left.
You didn't know any spells.
Your spell library contained the following spells:

 Spells                   Type           Power      Damage    Failure   Level
 Freeze                   Ice            0%         1d3       52%         1
 Frozen Ramparts          Ice            0%         1d1       88%         3
 Hailstorm                Conj/Ice       0%         3d3       88%         3
 Ozocubu's Armour         Ice            0%         N/A       88%         3
 Metabolic Englaciation   Hex/Ice        0%         N/A       100%        5
 Simulacrum               Ice/Necr       0%         N/A       100%        6


Dungeon Overview and Level Annotations

Branches:
Dungeon (3/15)

Altars:

Shops:
D:1 [


Innate Abilities, Weirdness & Mutations

You have a pair of horns on your head.
You reflexively headbutt those who attack you in melee.


Message History

The adder bites you but does no damage.
You miss the adder.
The adder is almost dead.
You feel sick. The adder misses you. The adder bites you.
The goblin barely misses you.
You barely miss the adder. Your headbutt misses the adder.
The adder is almost dead.
You feel less invigorated.
You feel less confused.
You feel sick. The adder bites you.
You are more poisoned.
The adder poisons you! The adder bites you.
You are lethally poisoned!
The adder poisons you! The goblin barely misses you.
You miss the adder.
The adder is almost dead.
* * * LOW HITPOINT WARNING * * *
You feel very sick. The adder barely misses you. The adder bites you.
* * * LOW HITPOINT WARNING * * *
The adder bites you but does no damage. The adder bites you.
* * * LOW HITPOINT WARNING * * *
The goblin closely misses you.
You closely miss the adder.
The adder is almost dead.
* * * LOW HITPOINT WARNING * * *
You feel very sick.
The adder bites you but does no damage. x2; The goblin barely misses you.
You hit the adder.
You kill the adder!
* * * LOW HITPOINT WARNING * * *
You feel sick. The adder closely misses you. The goblin misses you.
The adder misses you. You furiously retaliate!
You headbutt the adder. You barely miss the adder.
Your headbutt misses the adder.
The adder is almost dead.
* * * LOW HITPOINT WARNING * * *
You feel sick. The adder misses you. You furiously retaliate!
You headbutt the adder, but do no damage.
The goblin hits you with a +0 club.
You die...

#.:.#
############...#
#..........#...#
#..........#...##
#..........#....#
#.......†w.'....#
)#.........)#....#
............#Swg(#
#..........#.@..#
#!..$......#....#
###..#.....#....#
.................
...##.......#........
.. ###...?.#........#
. #.#####.....⌠...
#.# #........#


You could see an adder, a dart slug and a goblin.

Vanquished Creatures
  Jessica (D:2)
  4 adders
  2 dart slugs (D:1)
  An orc (D:3)
  7 bats
  4 endoplasms
  A giant cockroach (D:2)
  4 goblins (D:1)
  5 hobgoblins
  4 jackals (D:1)
  3 kobolds
  A quokka (D:1)
  2 ball pythons (D:2)
  3 frilled lizards (D:1)
  3 rats (D:1)
45 creatures vanquished.

Notes
Turn   | Place    | Note
-------+----------+-------------------------------------------
     0 | D:1      | KKCryptic the Minotaur Gladiator began the quest for the
                  | Orb.
     0 | D:1      | Reached XP level 1. HP: 18/18 MP: 0/0
    31 | D:1      | Found Quistoic's Antique Armour Boutique.
    75 | D:1      | Reached skill level 4 in Polearms
    76 | D:1      | Reached XP level 2. HP: 25/25 MP: 1/1
    86 | D:1      | Reached skill level 1 in Armour
   228 | D:1      | Reached XP level 3. HP: 29/30 MP: 2/2
   807 | D:2      | Noticed Jessica
   812 | D:2      | Killed Jessica
   813 | D:2      | Reached skill level 5 in Polearms
   813 | D:2      | Reached XP level 4. HP: 37/37 MP: 3/3
  1436 | D:3      | Slain by a goblin

Illustrated notes

Levels and vault maps discovered:
D:1:      eino_arrival_tree_alley, layout_basic, serial_shops,
          nicolae_shop_stone
D:2:      layout_loops_ring, minmay_misc_feat_ornament, grunt_decor_resistance,
          minmay_hexomino_c4, uniq_jessica
D:3:      layout_basic, solitary_fountain

Skill      XL: |  1  2  3 |
---------------+----------+-----
Polearms       | 4 5 |  5.3
Armour         | 1 2 |  2.3
Dodging        | 4 |  4.1
Fighting       | |  2.4
Throwing       | |  2.0

Action                   |  1- 3 |  4- 6 || total
-------------------------+-------+-------++-------
Melee: Trident           |    80 |    30 ||   110
       Headbutt          |     4 |       ||     4
       Punch             |     2 |       ||     2
  Use: Potion            |       |     2 ||     2
       Scroll            |       |     1 ||     1
Armor: Leather armour    |    20 |    17 ||    37
Dodge: Dodged            |    44 |    42 ||    86

Table legend: (Time is in decaauts)
 A = Elapsed time spent in this place.
 B = Non-inter-level travel time spent in this place.
 C = Inter-level travel time spent in this place.
 D = Time resting spent in this place.
 E = Time spent auto-exploring this place.
 F = Levels seen in this place.
 G = Mean time per level.
                   A        B        C        D        E       F      G
               +--------+--------+--------+--------+--------+-----+--------+
         Total |   1444 |   1347 |     97 |      0 |   1075 |   3 |  481.3 |
       Dungeon |   1444 |   1347 |     97 |      0 |   1075 |   3 |  481.3 |
               +--------+--------+--------+--------+--------+-----+--------+

Top non-repeatable levels by time:
     D:2: 829 daAuts
     D:1: 578 daAuts
     D:3: 36 daAuts
